 Seeded DCSS version 0.30.1-11-g7821555f0a (webtiles) character file.

Game seed: 6351066067085065685 (custom seed)

1314 Esekla the Thaumaturge (level 8, -3/41 HPs)
             Began as a Deep Elf Wanderer on Nov 7, 2023.
             Was a Believer of Vehumet.
             Slain by Pikel
             ... wielding a +1 whip of flaming
              (6 damage)
             ... on level 6 of the Dungeon.
             The game lasted 00:33:21 (4501 turns).

Esekla the Thaumaturge (Deep Elf Wanderer)          Turns: 4501, Time: 00:33:22

Health: -3/41      AC:  4    Str: 11    XL:     8   Next: 32%
Magic:  21/24      EV:  9    Int: 21    God:    Vehumet [**....]
Gold:   344        SH:  4    Dex: 14    Spells: 17/27 levels left

rFire   . . .        s - +5 rapier of the Hero {heavy, rN+ Dex+3}
rCold   . . .        d - +0 buckler
rNeg    + . .        c - +0 robe
rPois   .            l - +0 helmet
rElec   .            (no cloak)
rCorr   .            k - +0 pair of gloves
SInv    .            (no boots)
Will    .....        A - amulet of magic regeneration
Stlth   ++           (no ring)
HPRegen 0.26/turn    (no ring)
MPRegen 0.59/turn

%: no passive effects
@: brilliant, grasped by roots, constricted
A: no striking features
a: Renounce Religion


You were on level 6 of the Dungeon.
You worshipped Vehumet.
Vehumet was pleased with you.
You visited 1 branch of the dungeon, and saw 6 of its levels.

You collected 344 gold pieces.

Inventory:

Hand Weapons
 a - a +2 vampiric dagger
 r - a +0 trident
 s - the +5 rapier of the Hero (weapon) {heavy, rN+ Dex+3}
   (You found it on level 3 of the Dungeon)

   Dex:       It affects your dexterity (+3).
   rN:        It protects you from negative energy.
Missiles
 u - 15 poisoned darts (quivered)
Armour
 c - a +0 robe (worn)
 d - a +0 buckler (worn)
 k - a +0 pair of gloves (worn)
 l - a +0 helmet (worn)
Jewellery
 A - an amulet of magic regeneration (around neck)
Wands
 i - a wand of roots (14)
 B - a wand of flame (13)
Scrolls
 g - 5 scrolls of identify {unknown}
 n - 2 scrolls of amnesia {unknown}
 o - a scroll of enchant armour {unknown}
 q - 2 scrolls of blinking {unknown}
 v - 2 scrolls of fog {unknown}
 w - a scroll of immolation {unknown}
 x - 3 scrolls of enchant weapon {unknown}
 y - a scroll of silence {unknown}
 z - a scroll of magic mapping {unknown}
 C - 2 scrolls of fear
 D - a scroll of teleportation {unknown}
Potions
 b - 2 potions of lignification
 e - 2 potions of ambrosia {unknown}
 f - 3 potions of attraction {unknown}
 h - 2 potions of heal wounds {unknown}
 j - 4 potions of curing
 m - a potion of mutation {unknown}
 p - a potion of haste {unknown}
 t - 2 potions of brilliance


   Skills:
 + Level 2.1 Short Blades
 + Level 1.0 Throwing
 * Level 3.7 Dodging
 + Level 3.5 Stealth
 + Level 2.0 Shields
 * Level 10.1 Spellcasting
 + Level 1.3 Conjurations
 * Level 4.4 Necromancy
 + Level 3.2 Translocations
 + Level 0.7 Transmutations
 + Level 0.1 Fire Magic
 + Level 0.2 Poison Magic
 + Level 1.0 Invocations
 + Level 0.1 Evocations


You had 17 spell levels left.
You knew the following spells:

 Your Spells              Type           Power      Damage    Failure   Level
a - Magic Dart            Conj           96%        1d7       5%          1
b - Blink                 Tloc           72%        N/A       3%          2
d - Vampiric Draining     Necr           44%        2d9       4%          3
n - Ignite Poison         Fire/Tmut/Pois 18%        N/A       24%         3
p - Apportation           Tloc           72%        N/A       2%          1

Your spell library contained the following spells:

 Spells                   Type           Power      Damage    Failure   Level
 Hailstorm                Conj/Ice       20%        3d6       21%         3
 Lesser Beckoning         Tloc           72%        N/A       3%          2
 Gell's Gravitas          Tloc           36%        N/A       7%          3
 Teleport Other           Tloc           36%        N/A       7%          3
 Spider Form              Tmut/Pois      19%        N/A       22%         3
 Cause Fear               Hex            7%         N/A       65%         4
 Summon Mana Viper        Hex/Summ       15%        N/A       94%         5


Dungeon Overview and Level Annotations

Branches:
Dungeon (6/15)             Temple (0/1) D:6

Altars:
Dithmenos
Fedhas
Hepliaklqana
Okawaru
Qazlal
Trog
Vehumet
Zin
The Shining One

Shops:
D:2 =   D:4 (

Annotations:
D:6 Pikel


Message History

You start resting.
HP restored.
Things that are here:
a +0 leather armour; a +0 dagger; an orc skeleton You start waiting.
Pikel is nearby!
You block Pikel's attack.
The lemure shouts! x2
You puncture Pikel!
Pikel is moderately wounded.
Pikel completely misses you. You block Pikel's attack.
You hit Pikel.
Pikel is moderately wounded.
Pikel zaps a wand.
The roots erupt in riotous growth!
The grasping roots grab you!
Pikel is unaffected.
The grasping roots constrict you.
Pikel hits you with a +1 whip of flaming.
Pikel burns you. The grasping roots constrict you.
The lemure shouts!
Casting: Magic Dart (safe; 5% risk of failure)
Confirm with . or Enter, or press ? or * to list all spells.
Aiming: Vampiric Draining (dangerous; 4% risk of failure)
Press: ? - help, Shift-Dir - straight line, f/p - Pikel
Aim: Pikel, wielding a +1 whip of flaming, wearing a +0 robe and carrying a wand of roots (5) (moderately wounded)
You feel a surge of power!
You draw life force from Pikel!
You feel life coursing into your body.
Pikel hits you with a +1 whip of flaming!
Pikel burns you.
* * * LOW HITPOINT WARNING * * *
The grasping roots constrict you!
* * * LOW HITPOINT WARNING * * *
Casting: Vampiric Draining (dangerous; 4% risk of failure)
Confirm with . or Enter, or press ? or * to list all spells.
Aiming: Vampiric Draining (dangerous; 4% risk of failure)
Press: ? - help, Shift-Dir - straight line, f/p - Pikel
Aim: Pikel, wielding a +1 whip of flaming, wearing a +0 robe and carrying a wand of roots (5) (heavily wounded)
You feel a surge of power!
You draw life force from Pikel.
You feel life coursing into your body.
Pikel hits you with a +1 whip of flaming.
You die...

#.........## ###........#
#..##.#..# ##..#..#..#
......##..# #.#...(....# #####
.#......5.#### #...#
##....#(.(..# #.#.#
#.###.#.....###@#.#### #
#...5.55K.#....###
#......#######...########
#<.....[..#....#........#
###.#####.#.####..#####.#
##########.#####.#.####.....##.#
.>....#.......##...#......#.##.#
...##.#.#...#.######.###..#.##.#
.#..#.#)...........#.###.......#


You could see Pikel and 3 lemures.

Vanquished Creatures
  An ice beast (D:6)
  A sky beast (D:6)
  2 black bears
  An ogre (D:5)
  A lemure (D:5)
  Blork the orc (D:6)
  A kobold brigand (D:6)
  2 scorpions (D:5)
  A gnoll bouda (D:4)
  5 hounds
  A jelly (D:6)
  A sleepcap (D:5)
  5 iguanas
  6 gnolls
  8 adders
  3 white imps
  An ufetubus (D:6)
  3 dart slugs
  11 orcs
  6 ball pythons
  4 endoplasms
  8 goblins
  4 hobgoblins
  A quokka (D:1)
  4 bats
  4 frilled lizards
  12 kobolds
  A rat (D:2)
99 creatures vanquished.

Notes
Turn   | Place    | Note
-------+----------+-------------------------------------------
     0 | D:1      | Esekla the Deep Elf Wanderer began the quest for the Orb.
     0 | D:1      | Esekla set off with the following items: a +0 club, a
                  | potion of lignification, a +0 robe, a +0 buckler; and the
                  | following spells available to memorise: Apportation, Blink,
                  | Lesser Beckoning, Magic Dart, Ignite Poison, Vampiric
                  | Draining.
     0 | D:1      | Reached XP level 1. HP: 10/10 MP: 7/7
     2 | D:1      | Learned a level 1 spell: Magic Dart
     4 | D:1      | Learned a level 1 spell: Apportation
   455 | D:4      | Found a radiant altar of Vehumet.
   463 | D:4      | Found an iron altar of Okawaru.
   475 | D:4      | Found a glowing silver altar of Zin.
   571 | D:4      | Became a worshipper of Vehumet
   755 | D:3      | Reached XP level 2. HP: 15/15 MP: 3/9
   758 | D:3      | Learned a level 2 spell: Blink
   877 | D:2      | Reached skill level 5 in Spellcasting
  1126 | D:2      | Found Renulab's Jewellery Shop.
  1240 | D:2      | Reached skill level 1 in Dodging
  1240 | D:2      | Reached XP level 3. HP: 14/19 MP: 9/11
  1336 | D:1      | Reached * piety under Vehumet
  1336 | D:1      | Offered knowledge of Shock by Vehumet.
  1494 | D:1      | Learned a level 3 spell: Ignite Poison
  1498 | D:1      | Learned a level 3 spell: Vampiric Draining
  1597 | D:1      | Reached skill level 1 in Necromancy
  1694 | D:2      | Reached XP level 4. HP: 24/24 MP: 5/13
  1771 | D:2      | Found a faded altar of an unknown god.
  1836 | D:2      | Noticed a black bear
  1846 | D:2      | Killed a black bear
  1847 | D:2      | Reached skill level 6 in Spellcasting
  1847 | D:2      | Reached XP level 5. HP: 28/28 MP: 11/15
  1913 | D:3      | Identified the +5 rapier of the Hero {heavy, rN+ Dex+3}
  2159 | D:3      | Found a stormy altar of Qazlal.
  2173 | D:3      | Found a bloodstained altar of Trog.
  2271 | D:3      | Found a hazy altar of Hepliaklqana.
  2411 | D:4      | Found Ponaysk's Antique Weapon Boutique.
  2528 | D:4      | Found a glowing golden altar of the Shining One.
  2548 | D:4      | Reached XP level 6. HP: 32/32 MP: 17/17
  2564 | D:4      | Offered knowledge of Sandblast by Vehumet.
  2567 | D:4      | Reached ** piety under Vehumet
  2659 | D:5      | Entered Level 5 of the Dungeon
  2663 | D:5      | Got the Parchment of the Lumpy Olives
  2692 | D:5      | Found a shadowy altar of Dithmenos.
  2717 | D:5      | Reached skill level 1 in Short Blades
  2735 | D:5      | Reached skill level 7 in Spellcasting
  2735 | D:5      | Reached skill level 1 in Conjurations
  2903 | D:5      | HP: 1/32 [white imp/puff of frost (13)]
  3084 | D:5      | Reached XP level 7. HP: 25/36 MP: 18/20
  3220 | D:5      | Reached skill level 8 in Spellcasting
  3521 | D:6      | Reached skill level 1 in Throwing
  3572 | D:6      | Reached skill level 9 in Spellcasting
  3573 | D:6      | Found a blossoming altar of Fedhas.
  3751 | D:6      | Found a staircase to the Ecumenical Temple.
  3824 | D:6      | Offered knowledge of Hailstorm by Vehumet.
  3825 | D:6      | Reached XP level 8. HP: 41/41 MP: 23/23
  3878 | D:6      | Noticed Blork the orc
  3927 | D:6      | Killed Blork the orc
  4031 | D:6      | Reached skill level 10 in Spellcasting
  4117 | D:6      | Noticed Pikel
  4500 | D:6      | HP: 1/41 [constriction (9)]
  4501 | D:6      | Slain by Pikel

Illustrated notes

Levels and vault maps discovered:
D:1:      sevenhm_arrival_forest_fort_small_3, layout_rooms,
          chequers_serial_rivers_room_b, minmay_misc_feat_five
D:2:      layout_loops_ring, dreamdust_ecumenical_altar_angels_and_demons,
          serial_shops, shop
D:3:      layout_basic, grunt_temple_overflow_open, minmay_misc_feat_iff
D:4:      layout_basic, nicolae_overflow_quartered_altars, serial_shops,
          nicolae_diamond_shop
D:5:      layout_loops_ring, lemuel_doored_altar, minmay_misc_feat_rows,
          dreamdust_wishing_well
D:6:      layout_loops_cross, fedhas_altar_fruit_tree,
          minmay_temple_entry_glass, uniq_pikel, uniq_blork_the_orc

Skill      XL: |  1  2  3  4  5  6  7  8 |
---------------+-------------------------+-----
Spellcasting   | 5 6 7 9 10 | 10.1
Dodging        | 1 2 3 |  3.7
Necromancy     | 1 2 3 4 |  4.4
Stealth        | 2 3 |  3.5
Short Blades   | 1 2 |  2.1
Conjurations   | 1 |  1.3
Shields        | 2 |  2.0
Translocations | 3 |  3.2
Throwing       | 1 |  1.0
Transmutations | |  0.7
Fire Magic     | |  0.1
Poison Magic   | |  0.2
Invocations    | |  1.0
Evocations     | |  0.1

Action                     |  1- 3 |  4- 6 |  7- 9 || total
---------------------------+-------+-------+-------++-------
  Melee: Short sword       |    59 |     1 |       ||    60
         Rapier            |       |    50 |    46 ||    96
         Dagger            |       |       |    19 ||    19
  Throw: Dart              |       |    22 |    15 ||    37
   Cast: Apportation       |    31 |    12 |    25 ||    68
         Magic Dart        |    48 |    13 |    15 ||    76
         Vampiric Draining |     1 |    12 |    22 ||    35
         Blink             |       |     2 |     2 ||     4
         Ignite Poison     |       |     1 |     2 ||     3
  Evoke: Wand              |       |     1 |     3 ||     4
    Use: Scroll            |     1 |       |       ||     1
         Potion            |       |     1 |     1 ||     2
   Stab: Sleeping          |     3 |     1 |     5 ||     9
 Armour: Robe              |    24 |     9 |    28 ||    61
  Dodge: Dodged            |    34 |    35 |    46 ||   115
  Block: Buckler           |     9 |    13 |    19 ||    41
